Jonadab, neutral female gnomish Wizard ----------- ----------- |=...|....--- |.........| |..``|``..G>| |.........| |.`......f--- |.........| |....|....| |....<....| |-.--------- |.........| |..`.|.....| |.........| |.``.|`.`.`| |.........| |..`.....`.| |.........| |.```|`..`.----------------+| |....|..`.`.^^^^^^^^^^^^^^^.| ----------------------------- Jonadab the Thaumaturge Experience level: 6 Strength: 5 Dexterity: 10 Constitution: 17 Intelligence: 17 Wisdom: 15 Charisma: 10 Health: 0(52) Energy: 10(79) Def: 1 Gold: 968 Moves: 1832 Dungeon seed: qHIqVgJDtfOkPFU_ Game ID: Jonadab_1497208910 Your Inventory: Coins $ - 968 gold pieces Weapons a - a blessed +1 quarterstaff (weapon in hands) C - a blessed +1 dart V - a cursed -1 orcish dagger Armor e - an uncursed +0 cloak of magic resistance (being worn) N - an uncursed +0 Hawaiian shirt (being worn) Y - an uncursed +0 dwarvish cloak Comestibles S - an uncursed pancake T - an uncursed sprig of wolfsbane Scrolls i - an uncursed scroll of gold detection j - 2 uncursed scrolls of teleportation v - a cursed scroll of enchant weapon x - an uncursed scroll of charging G - 2 uncursed scrolls of identify J - a cursed scroll of light K - a cursed scroll of identify O - an uncursed scroll of fire U - 2 uncursed scrolls of earth Potions f - an uncursed potion of sleeping g - an uncursed potion of oil h - an uncursed potion of object detection u - an uncursed potion of blindness E - an uncursed potion of booze F - an uncursed potion of sickness L - a cursed potion of hallucination M - a cursed potion of speed Rings c - an uncursed ring of polymorph control (on right hand) d - an uncursed ring of searching o - an uncursed ring of fire resistance B - an uncursed ring of shock resistance P - an uncursed ring of polymorph control W - an uncursed ring of stealth (on left hand) Wands b - an uncursed wand of teleportation (0:7) D - an uncursed wand of teleportation (0:5) Q - an uncursed wand of secret door detection (0:11) R - an uncursed wand of striking (0:7) Tools k - an uncursed skeleton key n - an uncursed magic marker (0:89) Gems q - 2 uncursed worthless pieces of orange glass r - 2 uncursed worthless pieces of blue glass y - an uncursed worthless piece of yellow glass z - an uncursed worthless piece of white glass Spells and supernatural/magical abilities: Name Level Category Fail Memory a - force bolt 1 attack 0% 91% k - knock 1 matter 0% 95% K - cure sickness 3 healing 85% 91% W - pray for help -- divine ? -- Your skills at the end: Fighting Skills Weapon Skills quarterstaff [Basic] Spellcasting Skills attack spells [Basic] enchantment spells [Basic] Final Attributes: You were piously aligned. You were poison resistant. You were magic-protected. You were telepathic. You had infravision. You were stealthy. You had polymorph control. You were lucky. You are dead. Vanquished creatures: a giant beetle a human zombie a mountain nymph a rock piercer an elf zombie 3 giant ants a floating eye a kitten a monkey a werejackal an iguana 8 killer bees a manes 3 giant rats a gnome zombie 4 geckos a kobold 2 goblins 2 sewer rats 2 bats 2 lichens a newt 40 creatures vanquished. Voluntary challenges: You used a wielded weapon 28 times, starting on turn 1. You read items or engraved 17 times, starting on turn 69. You never genocided any monsters. You never polymorphed an object. You never changed form. You used no wishes. You never split a pudding. You wrote Elbereth's name 13 times, starting on turn 726. You violated your moral code, losing 24 points of alignment, starting on turn 15. Dungeon overview: The Dungeons of Doom: levels 1 to 10 Level 1 a sink a long staircase Level 2 Level 3 an altar to Thoth Level 4 stairs to The Gnomish Mines Level 5 Level 6 Level 7 Level 8 Level 9 Level 10 stairs to Sokoban The Gnomish Mines: Level 5 stairs to The Dungeons of Doom Sokoban: levels 8 to 9 Level 8 <- You were here Level 9 stairs to The Dungeons of Doom History has recorded: On T:1 you entered the Dungeons of Doom to retrieve the Amulet of Yendor! On T:15 you advanced to experience level 2. On T:82 you advanced to experience level 3. On T:125 you reached level 2 of The Dungeons of Doom. On T:270 you reached level 3 of The Dungeons of Doom. On T:598 you reached level 4 of The Dungeons of Doom. On T:636 you reached level 1 of The Gnomish Mines. On T:686 you reached level 5 of The Dungeons of Doom. On T:710 you reached level 6 of The Dungeons of Doom. On T:917 you reached level 7 of The Dungeons of Doom. On T:921 you advanced to experience level 4. On T:979 you reached level 8 of The Dungeons of Doom. On T:1080 you reached level 9 of The Dungeons of Doom. On T:1216 you reached level 10 of The Dungeons of Doom. On T:1252 you reached level 4 of Sokoban. On T:1375 you advanced to experience level 5. On T:1599 you advanced to experience level 6. On T:1815 you reached level 3 of Sokoban. Score breakdown: Gold: 968 (10158 points) Experience: 6 levels (12456 points) Exploration: 10 levels ( 20.41%) (12990 points) Discoveries: 2 items ( 0.69%) ( 2500 points) Valuables value: (no points given unless you survive) Artifact value: 0 ( 0 points) Variety of kills: 22 monsters ( 5.77%) ( 7208 points) Turncount: 1832 turns ( 0 points) Survival: died (score multiplied by 80%) Total score: 36249 Latest messages: You are now wearing a wire ring. With great effort you move the boulder. You see here a goblin corpse. Something is written here in the dust. You read: "? r_ ??n_ e ?". Something is written here in the dust. You read: "E bc eth_||e?e??". There are several objects here. The boulder fills a pit. With great effort you move the boulder. The panther hits! (2x) The panther bites! Boing! The panther hits! (2x) The panther bites! The spell hits the panther! The panther hits! (2x) The panther bites! The panther hits! (2x) The panther bites! You die... Final status: Goodbye Jonadab the Wizard, killed by a panther... You died in Sokoban on dungeon level 8 with 36249 points, and 968 pieces of gold, after 1832 moves. You were level 6 with a maximum of 52 hit points when you died.